 Seeded DCSS version 0.30-a0-916-g9813417 (webtiles) character file.

Game seed: 4000190087412342808 (custom seed)

291 brinewave the Trooper (level 6, -5/38 HPs)
             Began as a Gargoyle Hexslinger on Apr 2, 2023.
             Killed by divine providence
             ... invoked by an orc priest
              (14 damage)
             ... on level 5 of the Dungeon on Apr 3, 2023.
             The game lasted 00:18:55 (2588 turns).

brinewave the Trooper (Gargoyle Hexslinger)         Turns: 2588, Time: 00:18:56

Health: -5/38      AC: 14    Str: 15    XL:     6   Next: 32%
Magic:  16/16      EV:  6    Int: 14    God:
Gold:   29         SH:  0    Dex: 10    Spells: 6/7 levels left

rFire   . . .      SeeInvis .    a - +0 war axe
rCold   . . .      Faith    .    (no shield)
rNeg    + . .      Spirit   .    i - +0 chain mail
rPois   ∞          Reflect  .    q - +0 helmet
rElec   +          Rampage  .    (no cloak)
rCorr   .                        (no gloves)
Will    .....                    (no boots) Stlth
                                 (no amulet)
HPRegen 0.26/turn                c - ring of magical power
MPRegen 0.15/turn                (no ring)

@: no status effects
A: sickness immunity, AC +4, negative energy resistance 1, electricity
resistance, torment resistance 1, petrification resistance
a: no special abilities


You were on level 5 of the Dungeon.
You visited 1 branch of the dungeon, and saw 5 of its levels.

You collected 111 gold pieces.
You spent 82 gold pieces at shops.

Inventory:

Hand Weapons
 a - a +0 war axe (weapon)
 b - a +1 sling
 w - a +0 short sword
Missiles
 d - 30 stones
 e - 2 boomerangs
 f - 6 poisoned darts
Armour
 i - a +0 chain mail (worn)
 q - a +0 helmet (worn)
Jewellery
 c - a ring of magical power (left hand)
 p - a ring of ice
Scrolls
 h - a scroll of teleportation {unknown}
 t - a scroll of vulnerability {unknown}
 u - a scroll of enchant weapon {unknown}
Potions
 g - 2 potions of might {unknown}
 j - a potion of lignification
 k - 3 potions of curing
 l - a potion of berserk rage {unknown}
 o - a potion of brilliance {unknown}
 r - a potion of heal wounds {unknown}
 s - 2 potions of flight {unknown}
 v - a potion of attraction {unknown}


   Skills:
 * Level 4.2 Fighting
 * Level 3.6 Maces & Flails
 - Level 2.0 Ranged Weapons
 + Level 2.7 Armour
 - Level 1.5 Dodging
 - Level 1.0 Spellcasting
 - Level 2.6 Hexes


You had 6 spell levels left.
You knew the following spells:

 Your Spells              Type           Power      Damage    Failure   Level
a - Slow                  Hex            32%        N/A       88%         1

Your spell library contained the following spells:

 Spells                   Type           Power      Damage    Failure   Level
 Inner Flame              Hex/Fire       4%         N/A       100%        3
 Portal Projectile        Hex/Tloc       8%         N/A       100%        3
 Cause Fear               Hex            4%         N/A       100%        4


Dungeon Overview and Level Annotations

Branches:
Dungeon (5/15)
 Temple: D:4-7

Altars:

Shops:
D:1 ?   D:2 [

Annotations:
D:3 Sigmund


Innate Abilities, Weirdness & Mutations

You are immune to sickness and miasma.
Your stone body is resilient. (AC +4)
You are immune to poison.
You resist negative energy. (rN+)
You are resistant to electric shocks. (rElec)
You are resistant to unholy torment.
You are immune to petrification.


Message History

The orc is moderately wounded.
You hit something. You barely miss the orc priest.
The orc priest barely misses you.
You hear some strange, mumbled words.
A magic dart appears from out of thin air!
The magic dart hits you but does no damage.
The orc hits you with a +0 dagger.
You slash the orc!
You kill the orc!
You barely miss something. You barely miss the orc priest.
You hear some strange, mumbled words.
Something tries to affect you, but you resist.
The orc priest barely misses you.
You barely miss the orc priest. You closely miss something.
Something hits you but does no damage.
The orc priest mumbles some strange prayers to Beogh against you.
Beogh smites you! Something hits you.
The orc priest hits you but does no damage.
You closely miss the orc priest. You closely miss something.
The orc priest hits you but does no damage.
Something hits you.
You hit the orc priest but do no damage.
You miss something.
You hear some strange, mumbled words.
A puff of flame appears from out of thin air!
The puff of flame hits you!
* * * LOW HITPOINT WARNING * * *
The orc priest hits you but does no damage. x2
Something hits you but does no damage.
The orc priest begins to cast a cantrip, but forgets the words!
Things that are here:
a +0 dagger; a +0 ring mail; an orc corpse The orc priest attacks as you move away!
The orc priest hits you but does no damage.
Something hits you but does no damage.
You hear some strange, mumbled words.
Something tries to affect you, but you resist.
The orc priest invokes the aid of Beogh against you.
Beogh smites you!
You die...

...## ##.$.
.....##...
.........
........##
.........##
..........##
........{o.##
"...........#
........))@.##
.........>.†.#
.......>..)<##
..........###
........##
.....####
...## ###


You could see an orc priest.

Vanquished Creatures
  Eustachio (D:4)
  A scorpion (D:5)
  Natasha (D:3)
  2 adders
  A worm (D:3)
  2 dart slugs
  5 orcs
  A ball python (D:2)
  3 endoplasms
  5 giant cockroaches
  6 jackals (D:1)
  2 kobolds
  A quokka (D:2)
  7 bats
  2 frilled lizards
  3 rats
43 creatures vanquished.

Notes
Turn   | Place    | Note
-------+----------+-------------------------------------------
     0 | D:1      | brinewave the Gargoyle Hexslinger began the quest for the
                  | Orb.
     0 | D:1      | Reached XP level 1. HP: 12/12 MP: 2/2
   179 | D:1      | Found Roojodgh's Magic Scroll Shoppe.
   390 | D:1      | Reached XP level 2. HP: 12/16 MP: 3/3
   496 | D:1      | Reached skill level 1 in Maces & Flails
   842 | D:1      | Reached skill level 2 in Fighting
   872 | D:1      | Found a faded altar of an unknown god.
  1215 | D:2      | Reached skill level 1 in Armour
  1254 | D:2      | Reached XP level 3. HP: 21/21 MP: 4/4
  1300 | D:1      | Bought a scroll of blinking for 82 gold pieces
  1677 | D:2      | Found Wipok's Antique Armour Shoppe.
  2069 | D:3      | Noticed Natasha
  2094 | D:3      | Killed Natasha
  2095 | D:3      | Reached XP level 4. HP: 9/27 MP: 5/5
  2193 | D:3      | Noticed Sigmund
  2214 | D:4      | Noticed Eustachio
  2251 | D:4      | Noticed a phantom
  2255 | D:4      | Killed Eustachio
  2256 | D:4      | Reached skill level 3 in Fighting
  2256 | D:4      | Reached XP level 5. HP: 4/33 MP: 6/6
  2338 | D:5      | Entered Level 5 of the Dungeon
  2347 | D:5      | Reached skill level 4 in Fighting
  2347 | D:5      | Reached XP level 6. HP: 13/38 MP: 7/7
  2588 | D:5      | Killed from afar by an orc priest

Illustrated notes

Levels and vault maps discovered:
D:1:      minmay_arrival_widening_spiral_wide, layout_basic,
          shapermc_ecumenical_altar_mp_highgroup, serial_shops,
          nicolae_square_shop, glass_columns_c
D:2:      layout_basic, serial_shops, nicolae_square_shop, chequers_garden
D:3:      layout_loops_cross, amcnicky_mini_corridor_feature, hex_large,
          uniq_sigmund, uniq_grinder, uniq_natasha
D:4:      layout_loops_ring, uniq_eustachio
D:5:      layout_cave_pods

Skill      XL: |  1  2  3  4  5 |
---------------+----------------+-----
Maces & Flails | 1 2 3 |  3.6
Fighting       | 2 3 4 |  4.2
Armour         | 1 2 |  2.7
Ranged Weapons | |  2.0
Dodging        | |  1.5
Spellcasting   | |  1.0
Hexes          | |  2.6

Action                     |  1- 3 |  4- 6 || total
---------------------------+-------+-------++-------
  Melee: Unarmed           |    46 |       ||    46
         Dagger            |    90 |       ||    90
         Punch             |     1 |       ||     1
         War axe           |    80 |    57 ||   137
   Fire: Sling             |    61 |     1 ||    62
    Use: Potion            |     3 |       ||     3
         Scroll            |     3 |     2 ||     5
 Armour: Leather armour    |    51 |       ||    51
         Robe              |     5 |       ||     5
         Chain mail        |   161 |   112 ||   273
  Dodge: Dodged            |   120 |    36 ||   156

Table legend: (Time is in decaauts)
 A = Elapsed time spent in this place.
 B = Non-inter-level travel time spent in this place.
 C = Inter-level travel time spent in this place.
 D = Time resting spent in this place.
 E = Time spent auto-exploring this place.
 F = Levels seen in this place.
 G = Mean time per level.
                   A        B        C        D        E       F      G
               +--------+--------+--------+--------+--------+-----+--------+
         Total |   2661 |   2396 |    265 |    356 |    997 |   5 |  532.2 |
       Dungeon |   2661 |   2396 |    265 |    356 |    997 |   5 |  532.2 |
               +--------+--------+--------+--------+--------+-----+--------+

Top non-repeatable levels by time:
     D:1: 1155 daAuts
     D:2: 799 daAuts
     D:3: 309 daAuts
     D:5: 252 daAuts
     D:4: 145 daAuts
